Map: Prion Terraces

Players

MaruThermal (uThermal) - Winner!

  • Race: Terran Terran
  • League: Master

Miszu

  • Race: Terran Terran
  • League: Grandmaster

VOD

Have the link to the VOD?

Description

Time

  • Played on: Feb. 22, 2016, 7:28 a.m.
  • Length: 2:47
Show
View Real Time Build Order
Export as new Build Order

MaruThermal Terran - Winner!

Build Orders:  

Get SALT Encoding   

  12  0:01  SCV  
  13  0:13  SCV  
  14  0:18  Supply Depot  
  14  0:25  SCV  
  15  0:40  SCV  
  15  0:42  Barracks  
  16  0:45  Refinery  
  16  0:52  SCV  
  17  0:59  Barracks  
  17  1:04  SCV  
  18  1:16  SCV  
  19  1:19  Barracks  
  19  1:26  Refinery  
  19  1:31  Reaper  
  20  1:39  Supply Depot  
  20  1:47  Reaper  
  21  1:57  Orbital Command  
  21  2:03  Reaper  
  21  2:08  Reaper  
  23  2:15  Supply Depot  
  24  2:31  SCV  
Show
View Real Time Build Order
Export as new Build Order

Miszu Terran 

Build Orders:  

Get SALT Encoding   

  12  0:05  SCV  
  13  0:17  SCV  
  14  0:21  Supply Depot  
  14  0:29  SCV  
  15  0:43  SCV  
  15  0:47  Barracks  
  16  0:51  Refinery  
  16  0:55  SCV  
  17  1:08  SCV  
  19  1:35  Orbital Command  
  19  1:36  Barracks Reactor  
  18  1:40  Command Center  
  18  1:46  Supply Depot  
  18  2:01  SCV  
  19  2:12  Factory  
  19  2:13  Marine x2  
  19  2:14  SCV  
  22  2:26  SCV  
Tags
 
Add a new tag
Caveats
  • Supply blocks, unpowered buildings, or Contaminate may cause inaccurate times.
  • Supply counts are checked every 10 seconds.